 Dungeon Crawl Stone Soup version 0.28-a0-1555-g9ae15a6949 (webtiles) character file.

Game seed: 12069270887810545362

30 HallandMoats the Skirmisher (level 3, -1/29 HPs)
             Began as a Demonspawn Fighter on Jan 18, 2022.
             Was a Follower of Wu Jian.
             Slain by an adder (3 damage)
             ... on level 2 of the Dungeon.
             The game lasted 00:01:48 (1583 turns).

HallandMoats the Skirmisher (Demonspawn Fighter)    Turns: 1583, Time: 00:01:49

Health: -1/29      AC:  9    Str: 18    XL:     3   Next: 3%
Magic:  3/3        EV:  9    Int:  9    God:    Wu Jian [*.....]
Gold:   55         SH:  4    Dex: 12    Spells: 2/2 levels left

rFire   . . .      SeeInvis .   a - +0 war axe
rCold   . . .      Faith    .   c - +0 buckler
rNeg    . . .      Spirit   .   b - +0 scale mail
rPois   .          Reflect  .   h - +0 helmet
rElec   .          Harm     .   (no cloak)
rCorr   .          Rampage  .   (no gloves)
Will    .....                   (no boots)
Stlth   ..........              (no amulet)
HPRegen 0.09/turn               (no ring)
MPRegen 0.08/turn               (no ring)

@: invisible
A: molten scales 1, ignite blood 1
a: Renounce Religion


You were on level 2 of the Dungeon.
You worshipped Wu Jian.
Wu Jian was aware of your devotion.
You visited 1 branch of the dungeon, and saw 2 of its levels.

You collected 55 gold pieces.

Inventory:

Hand Weapons
 a - a +0 war axe (weapon)
Armour
 b - a +0 scale mail (worn)
 c - a +0 buckler (worn)
 h - a +0 helmet (worn)
Jewellery
 e - an amulet of faith
Scrolls
 f - a scroll of teleportation {unknown}
 g - a scroll of fear {unknown}
Potions
 d - a potion of might


   Skills:
 * Level 3.4 Fighting
 * Level 2.2 Axes
 + Level 2.9 Armour
 + Level 0.4 Dodging
 + Level 2.8 Shields


You had 2 spell levels left.
You didn't know any spells.
Your spell library was empty.

Dungeon Overview and Level Annotations

Branches:
Dungeon (2/15)

Altars:
Wu Jian


Innate Abilities, Weirdness & Mutations

You are partially covered in molten scales. (AC +2)
Your demonic aura sometimes causes spilled blood to erupt in flames.


Message History

The jackal bites you but does no damage.
The adder bites you but does no damage. The jackal bites you.
* * * LOW HITPOINT WARNING * * *
The rat twitches its whiskers.
You block the jackal's attack. You block the adder's attack.
The jackal barely misses you.
It was a potion of invisibility.
You fade into invisibility!
You feel sick.
The jackal bites you but does no damage.
You block the jackal's attack. The adder bites you but does no damage.
The jackal barely misses you.
There are monsters nearby!
You miss the adder.
The adder is moderately wounded.
You barely miss the rat. You hit the jackal.
You kill the jackal!
The Council accepts your kill.
You hit the jackal.
You kill the jackal!
The Council accepts your kill.
You feel sick.
You are no longer poisoned.
You block the adder's attack. The rat barely misses you.
The adder closely misses you. The rat bites you.
* * * LOW HITPOINT WARNING * * *
You have reached level 3!
Your experience leads to an increase in your attributes!
Increase (S)trength, (I)ntelligence, or (D)exterity?
You feel stronger. x2; Your demonic ancestry asserts itself...
Molten scales grow over part of your body.
It was a potion of magic.
Magic courses through your body. The adder bites you but does no damage.
The rat barely misses you. The adder closely misses you.
You see here a jackal corpse.
The adder bites you but does no damage. The adder closely misses you.
The rat twitches its whiskers.
The adder bites you.
You die...

# #..†..#...##..........
..#...†.#....(..........
.........##..............
...##.....+............#
.. #.#...#...#........# .
...#...#...#........##
.....#....r..+..........
.....#....##S#..<.....#
.............@........#
.....................<
#....#..............#.
......#..............#
......#................
#... #..#..###........
.......# #.#......
(#.<... .#.....


You could see an adder and a rat.

Vanquished Creatures
  3 ball pythons (D:1)
  A bat (D:1)
  An endoplasm (D:1)
  A goblin (D:1)
  4 hobgoblins (D:1)
  6 jackals
  2 quokkas (D:1)
  3 kobolds (D:1)
  3 rats (D:1)
24 creatures vanquished.

Notes
Turn   | Place    | Note
-------+----------+-------------------------------------------
     0 | D:1      | HallandMoats the Demonspawn Fighter began the quest for the
                  | Orb.
     0 | D:1      | Reached XP level 1. HP: 18/18 MP: 1/1
   444 | D:1      | Gained mutation: Your demonic aura sometimes causes spilled
                  | blood to erupt in flames. [demonic ancestry]
   444 | D:1      | Reached XP level 2. HP: 14/24 MP: 2/2
  1077 | D:1      | Found a faded altar of an unknown god.
  1195 | D:1      | Prayed at the altar of an unknown god.
  1195 | D:1      | Became a worshipper of the Wu Jian Council
  1195 | D:1      | Reached * piety under Wu Jian
  1572 | D:2      | HP: 1/24 [rat (3)]
  1573 | D:2      | Gained mutation: You are partially covered in molten
                  | scales. (AC +2) [demonic ancestry]
  1573 | D:2      | Reached XP level 3. HP: 1/29 MP: 3/3
  1583 | D:2      | Slain by an adder

Illustrated notes

Levels and vault maps discovered:
D:1:      dpeg_arrival_simpleton_a, layout_basic,
          shapermc_ecumenical_altar_acropolis, minmay_misc_feat_cross,
          minmay_close_crescents
D:2:      layout_basic

Skill      XL: |  1 |
---------------+----+-----
Axes           | 2 |  2.2
Fighting       | |  3.4
Armour         | |  2.9
Dodging        | |  0.4
Shields        | |  2.8

Action                   || total
-------------------------++-------
Melee: War axe           ||    88
  Use: Potion            ||     2
Armor: Scale mail        ||    58
Dodge: Dodged            ||    56
Block: Buckler           ||    35

Table legend: (Time is in decaauts)
 A = Elapsed time spent in this place.
 B = Non-inter-level travel time spent in this place.
 C = Inter-level travel time spent in this place.
 D = Time resting spent in this place.
 E = Time spent auto-exploring this place.
 F = Levels seen in this place.
 G = Mean time per level.
                   A        B        C        D        E       F      G
               +--------+--------+--------+--------+--------+-----+--------+
         Total |   1622 |   1538 |     84 |      0 |   1314 |   2 |  811.0 |
       Dungeon |   1622 |   1538 |     84 |      0 |   1314 |   2 |  811.0 |
               +--------+--------+--------+--------+--------+-----+--------+

Top non-repeatable levels by time:
     D:1: 1583 daAuts
     D:2: 39 daAuts
